cohdb
Replays
Latest Replays
All Replays
Popular Replays
Top Player Replays
Match Explorer
How It Works
Community
CoH3 Stats
Reddit
Sign in to upload your games and track your stats! →
Sign in with Steam
Match 40559873
Unlisted
Match 40559873
Overview
Messages
Build Orders
End
Construct Section Command Post
Vickers Machine Gun Team
Infantry Section
Infantry Section
Infantry Section
Selects Canadian Shock Battlegroup
Selects Attacking Spirit
Grenade Package
Construct Platoon Command Post
Selects Canadian Shock Section
Selects Incendiary Munitions
Construct Company Command Post
Shade
DrinkIIScotch
HulkSMASH
[82AD] Janko
Kalazarr
Arnie
Maniax
Shai-Los Pollos Hermanos
0
0
Comments
sign in to comment!
No comments posted yet!